 Dungeon Crawl Stone Soup version 0.29.1-1-gd02db6906a (webtiles) character file.

Game seed: 11083893717455309526

137 fireball365 the Digger (level 4, -1/35 HPs)
             Began as a Demigod Earth Elementalist on Oct 6, 2022.
             Slain by a gnoll
             ... wielding a +0 flail
              (6 damage)
             ... on level 4 of the Dungeon.
             The game lasted 00:17:02 (3357 turns).

fireball365 the Digger (Demigod Earth Elementalist) Turns: 3357, Time: 00:17:03

Health: -1/35      AC: 11    Str:  9    XL:     4   Next: 68%
Magic:  11/11      EV:  8    Int: 27    God:
Gold:   141        SH:  0    Dex: 14    Spells: 8/9 levels left

rFire   . . .      SeeInvis .   r - +0 trident
rCold   . . .      Faith    .   (no shield)
rNeg    . . .      Spirit   .   o - +1 scale mail
rPois   .          Reflect  .   (no helmet)
rElec   .          Harm     .   (no cloak)
rCorr   .          Rampage  .   (no gloves)
Will    .....                   (no boots)
Stlth   +.........              (no amulet)
HPRegen 0.11/turn               f - +4 ring of protection
MPRegen 0.12/turn               x - +6 ring of intelligence

@: on berserk cooldown, slowed, very slow
A: high MP 1, forlorn, divine attributes
a: no special abilities


You were on level 4 of the Dungeon.
You visited 1 branch of the dungeon, and saw 4 of its levels.

You collected 141 gold pieces.

Inventory:

Hand Weapons
 b - a +0 flail
 k - a +0 hand axe
 r - a +0 trident (weapon)
 u - a +0 battleaxe
Missiles
 i - 8 poisoned darts
 p - 35 stones
Armour
 a - a +0 robe
 m - a +0 leather armour
 n - a +0 kite shield
 o - a +1 scale mail (worn)
 s - a +0 tower shield
 v - a +0 ring mail
Jewellery
 f - a +4 ring of protection (left hand)
 w - a ring of resist corrosion
 x - a +6 ring of intelligence (right hand)
Scrolls
 c - 3 scrolls of amnesia
 d - 2 scrolls of teleportation
 g - a scroll of summoning {unknown}
 l - a scroll of noise
Potions
 e - a potion of berserk rage
 h - a potion of attraction {unknown}
 j - 3 potions of curing
 q - a potion of might {unknown}
 t - a potion of brilliance {unknown}


   Skills:
 + Level 1.0 Fighting
 + Level 0.3(0.4) Axes
 + Level 0.2(0.3) Polearms
 + Level 0.9 Armour
 + Level 2.0 Dodging
 + Level 1.9 Stealth
 + Level 3.0 Spellcasting
 + Level 1.1 Transmutations
 + Level 3.6 Earth Magic


You had 8 spell levels left.
You knew the following spells:

 Your Spells              Type           Power      Damage    Failure   Level
a - Sandblast             Erth           46%        2d11      16%         1

Your spell library contained the following spells:

 Spells                   Type           Power      Damage    Failure   Level
 Passwall                 Tmut/Erth      13%        N/A       38%         2
 Wereblood                Tmut           9%         N/A       56%         2
 Scorch                   Fire           8%         2d5       71%         2
 Sublimation of Blood     Necr           4%         N/A       71%         2
 Stone Arrow              Conj/Erth      26%        3d8       71%         3
 Petrify                  Tmut/Erth      16%        N/A       95%         4
 Flame Wave               Conj/Fire      4%         2d5       100%        4
 Summon Cactus Giant      Summ           2%         N/A       100%        6
 Summon Hydra             Summ           2%         N/A       100%        7


Dungeon Overview and Level Annotations

Branches:
Dungeon (4/15)
 Temple: D:4-7

Shops:
D:4 [


Innate Abilities, Weirdness & Mutations

You have an increased reservoir of magic. (+10% MP)
You shall have no god before yourself.
Your divine heritage dramatically boosts your attributes as you level up.


Message History

The gnoll is severely wounded.
A red film seems to cover your vision as you go berserk!
You feel yourself moving faster!
You feel mighty! The gnoll barely misses you.
The gnoll hits you but does no damage.
You are too berserk!
You feel a strong urge to attack something.
The gnoll barely misses you. The gnoll hits you with a +0 club.
The gnoll hits you with a +0 flail.
Unknown command.
You are too berserk!
Unknown command.
You puncture the gnoll!
You kill the gnoll!
The gnoll barely misses you.
Your Spellcasting skill increases to level 3!
You hit the gnoll.
The gnoll is lightly wounded.
The gnoll barely misses you. x2; The gnoll hits you but does no damage.
You hit the gnoll but do no damage.
The gnoll is lightly wounded.
The gnoll hits you with a +0 club. The gnoll hits you but does no damage.
The gnoll hits you with a +0 flail!
* * * LOW HITPOINT WARNING * * *
You puncture the gnoll!
You kill the gnoll!
The gnoll closely misses you. The gnoll barely misses you.
Your Fighting skill increases to level 1!
You hit the gnoll.
The gnoll is moderately wounded.
The gnoll barely misses you. x2
You hit the gnoll but do no damage.
The gnoll is moderately wounded.
You are no longer berserk.
You are exhausted.
You feel yourself slow down.
You hit the gnoll.
The gnoll is moderately wounded.
The gnoll hits you but does no damage. The gnoll barely misses you.
The gnoll hits you but does no damage. The gnoll hits you with a +0 flail.
You die...

### ### #.# #####.. #.## #>...#
###..## ##...# . ###.....###
##...# # ..
###.......g@#####...#######.
...###......###g).........#8.....
..........### ##.................
...........## ###.......8.<.8...
............# ##..............
.............# ##.....8.∩.8...
...#..........# #.............
..#............# #....##8.>.8...
.#..............#.....####.......


You could see 2 gnolls.

Vanquished Creatures
  An orc priest (D:3)
  3 adders
  2 gnolls (D:4)
  2 dart slugs
  6 orcs (D:3)
  2 bats (D:1)
  2 endoplasms (D:1)
  5 giant cockroaches
  5 goblins
  A hobgoblin (D:1)
  2 quokkas
  6 ball pythons
  4 frilled lizards
  8 kobolds
  3 rats
52 creatures vanquished.

Vanquished Creatures (others)
  10 fungi (D:3)
  5 plants (D:3)
15 creatures vanquished.

Grand Total: 67 creatures vanquished

Notes
Turn   | Place    | Note
-------+----------+-------------------------------------------
     0 | D:1      | fireball365 the Demigod Earth Elementalist began the quest
                  | for the Orb.
     0 | D:1      | Reached XP level 1. HP: 14/14 MP: 5/5
   139 | D:1      | Reached skill level 1 in Transmutations
   557 | D:1      | Reached XP level 2. HP: 20/20 MP: 4/7
  1073 | D:2      | Reached XP level 3. HP: 22/26 MP: 1/9
  1998 | D:3      | Reached XP level 4. HP: 27/33 MP: 2/10
  3273 | D:4      | Found Ducsy's Armour Shop.
  3355 | D:4      | Reached skill level 1 in Fighting
  3357 | D:4      | Slain by a gnoll

Illustrated notes

Levels and vault maps discovered:
D:1:      mrwooster_arrival_statue, layout_basic, kennysheep_crisscross
D:2:      layout_loops_cross
D:3:      layout_basic, zin_statuary, dreamdust_ecumenical_altar_grove,
          minmay_fractal_squares_5
D:4:      layout_layer_cave, serial_shops, nicolae_stop_n_shop_2

Skill      XL: |  1  2  3  4 |
---------------+-------------+-----
Transmutations | 1 |  1.1
Earth Magic    | 3 |  3.6
Spellcasting   | 2 3 |  3.0
Dodging        | 2 |  2.0
Fighting       | 1 |  1.0
Axes           | |  0.3
Polearms       | |  0.2
Armour         | |  0.9
Stealth        | |  1.9

Action                   |  1- 3 |  4- 6 || total
-------------------------+-------+-------++-------
Melee: Hand axe          |    23 |       ||    23
       Trident           |     4 |    67 ||    71
       Punch             |       |     2 ||     2
 Cast: Sandblast         |    44 |    25 ||    69
  Use: Potion            |     3 |     3 ||     6
       Scroll            |       |     6 ||     6
Armor: Scale mail        |    32 |    62 ||    94
       Leather armour    |     1 |       ||     1
Dodge: Dodged            |    65 |    67 ||   132
